Map: Triton LE

Players

MikeHawk - Winner!

  • Race: Terran Terran
  • League: Master
  • Spawn Location: 5:00

IvanydeS

  • Race: Zerg Zerg
  • League: Master
  • Spawn Location: 11:00

VOD

Have the link to the VOD?

Description

Time

  • Played on: Dec. 20, 2019, 12:31 p.m.
  • Length: 5:07
Show
View Real Time Build Order
Export as new Build Order

MikeHawk Terran - Winner!

Build Orders: Liberator Opening, Reaper Expand 

Get SALT Encoding   

  12  0:00  SCV  
  13  0:12  SCV  
  14  0:17  Supply Depot  
  14  0:25  SCV  
  15  0:39  SCV  
  15  0:40  Barracks  
  16  0:43  Refinery  
  16  0:51  SCV  
  17  1:03  SCV  
  18  1:15  SCV  
  19  1:27  Orbital Command, Reaper  
  20  1:39  Command Center  
  20  1:50  Supply Depot  
  20  1:52  SCV  
  21  1:59  Marine  
  22  2:04  SCV  
  23  2:08  Factory  
  23  2:16  Marine  
  23  2:17  Refinery  
  23  2:18  SCV  
  25  2:30  SCV  
  25  2:35  Barracks Reactor  
  26  2:42  SCV  
  27  2:52  Orbital Command  
  27  2:54  SCV  
  27  2:56  Hellion  
  27  2:57  Starport  
  30  3:06  SCV  
  31  3:16  Liberator  
  31  3:20  Barracks Tech Lab  
  31  3:22  SCV  
  30  3:28  Hellion x2  
  30  3:29  SCV  
  38  3:34  SCV  
  38  3:40  Supply Depot  
  38  3:41  SCV  
  40  3:45  Marine  
  40  3:46  SCV  
  42  3:53  SCV  
  43  3:56  Supply Depot, Hellion  
  43  3:58  SCV  
  46  4:03  Marauder  
  46  4:05  SCV  
  47  4:14  SCV  
  45  4:17  SCV  
  45  4:24  Marauder  
  45  4:26  SCV  
  45  4:29  SCV  
  49  4:38  SCV  
  52  4:39  Armory  
  48  4:55  Supply Depot  
Show
View Real Time Build Order
Export as new Build Order

IvanydeS Zerg 

Build Orders: Pool First 

Get SALT Encoding   

  12  0:00  Drone  
  13  0:12  Overlord  
  13  0:19  Drone  
  14  0:32  Drone x2  
  17  0:35  Drone  
  17  0:44  Extractor  
  17  0:46  Drone  
  17  0:51  Spawning Pool  
  17  0:55  Drone  
  17  1:15  Hatchery  
  17  1:18  Drone  
  17  1:38  Zergling x4  
  17  1:39  Zergling x2  
  20  1:49  Metabolic Boost, Queen  
  22  1:55  Overlord  
  22  2:03  Overlord  
  22  2:20  Roach Warren  
  21  2:53  Overlord  
  21  3:00  Roach x6  
  21  3:03  Roach  
  35  3:13  Zergling x6  
  35  3:29  Zergling x4  
  35  3:32  Ravager  
  38  3:37  Zergling x6  
  41  3:46  Overlord  
  41  3:50  Zergling x2  
  41  3:55  Zergling x4  
  40  4:18  Zergling x12  
  32  4:32  Zergling x2  
  32  4:33  Zergling x4  
  34  4:45  Zergling x6  
Tags
 
Add a new tag
Caveats
  • Supply blocks, unpowered buildings, or Contaminate may cause inaccurate times.
  • Supply counts are checked every 10 seconds.